 Dungeon Crawl Stone Soup version 0.31-a0-1074-g0b22e4e0f1 (webtiles) character file.

Game seed: 8288074434414221349

79 grandjackal the Twirler (level 4, -3/34 HPs)
             Began as a Djinni Gladiator on Nov 30, 2023.
             Slain by a sky beast (5 damage)
             ... on level 3 of the Dungeon.
             The game lasted 00:02:25 (1501 turns).

grandjackal the Twirler (Djinni Gladiator)          Turns: 1501, Time: 00:02:25

Health: -3/34      AC:  3    Str: 13    XL:     4   Next: 64%
Gold:   151        EV: 12    Int: 11    God:
                   SH:  0    Dex: 13

rFire   + + .        a - +0 quarterstaff
rCold   x . .        (shield currently unavailable)
rNeg    . . .        b - +0 leather armour
rPois   ∞            (helmet restricted)
rElec   .            (no cloak)
rCorr   .            (no gloves)
SInv    .            (boots unavailable)
Will    .....        (no amulet)
Stlth   +            (no ring)
HPRegen 0.25/turn    (no ring)
MPRegen 0.00/turn

%: infuse magic (-4 HP)
@: attractive, flying, invisible
A: sickness immunity, fire resistance 2, cold vulnerability 1, float, innate
caster, HP casting, extra vitality 1, antennae 1, clumsy 1, sense surroundings 1
a: no special abilities


You were on level 3 of the Dungeon.
You visited 1 branch of the dungeon, and saw 3 of its levels.

You collected 151 gold pieces.

Inventory:

Hand Weapons
 a - a +0 quarterstaff (weapon)
 s - the +8 falchion "Wesoom" {holy, Int+3 Dex+3}
   (You found it on level 3 of the Dungeon)

   Int+3:     It affects your intelligence (+3).
   Dex+3:     It affects your dexterity (+3).
Missiles
 d - 3 throwing nets (quivered)
 e - a javelin
Armour
 b - a +0 leather armour (worn)
 c - a +0 helmet
Jewellery
 o - a +6 ring of strength
Scrolls
 g - a scroll of butterflies {unknown}
 j - a scroll of torment {unknown}
 l - a scroll of immolation {unknown}
 m - 2 scrolls of teleportation {unknown}
 p - a scroll of blinking {unknown}
 q - a scroll of fog {unknown}
Potions
 f - 4 potions of curing
 h - a potion of mutation
 n - a potion of ambrosia {unknown}
 r - a potion of degeneration {unknown}


   Skills:
 + Level 2.8 Fighting
 + Level 3.3 Staves
 - Level 1.5 Throwing
 - Level 3.2 Dodging
 * Level 1.6 Spellcasting
 * Level 1.6 Conjurations
 * Level 1.6 Hexes
   Level 0.0 Charms
 * Level 1.6 Summonings
 * Level 1.6 Necromancy
 * Level 1.6 Translocations
 * Level 1.6 Transmutations
 * Level 1.6 Fire Magic
 * Level 1.6 Ice Magic
 * Level 1.6 Air Magic
 * Level 1.6 Earth Magic
 * Level 1.6 Poison Magic


You knew the following spells:

 Your Spells              Type           Power      Damage    Failure   Level
a - Magic Dart            Conj           16%        1d3       21%         1
Your spell library was empty.

Dungeon Overview and Level Annotations

Branches:
Dungeon (3/15)

Altars:
Qazlal


Innate Abilities, Weirdness & Mutations

You are immune to sickness and miasma.
You are immune to poison.
Your flesh is very heat resistant. (rF++)
You are vulnerable to cold. (rC-)
You float through the air rather than walking.
You learn spells naturally, not from books.
Your magical power is your life essence.
You have superior vitality. (+4 MHP)
You have a pair of small antennae on your head.
You are clumsy. (Dex -2)
You passively map a small area around you.


Message History

You miss the sky beast. The sky beast hits you. The sky beast shocks you.
You closely miss the sky beast. The sky beast closely misses you.
You catch the helpless sky beast completely off-guard!
You hit the sky beast.
The sky beast is lightly wounded.
You hit the sky beast but do no damage.
The sky beast is lightly wounded.
The sky beast hits you but does no damage.
You hit the sky beast.
The sky beast is moderately wounded.
The sky beast closely misses you.
You hit the sky beast.
The sky beast is heavily wounded.
The sky beast closely misses you.
The sky beast hits you but does no damage.
You catch the helpless sky beast completely off-guard!
You hit the sky beast.
The sky beast is severely wounded.
The sky beast is attracted toward you.
You hit the sky beast but do no damage.
The sky beast is severely wounded.
The sky beast closely misses you.
You closely miss the sky beast.
The sky beast is severely wounded.
The sky beast barely misses you.
You hit the sky beast.
The sky beast is almost dead.
The sky beast hits you. The sky beast shocks you.
You miss the sky beast.
The sky beast is almost dead.
The sky beast flickers out of sight!
Deactivating autopickup; reactivate with Ctrl-A.
Something hits you.
* * * LOW HITPOINT WARNING * * *
Something shocks you.
* * * LOW HITPOINT WARNING * * *
You miss something. Something hits you.
* * * LOW HITPOINT WARNING * * *
Something shocks you.
You die...

#..........#...#...## *
#..........>....<...## *
#...............)....# ,
#................)...#
#....................#
#.######.......~#.........##
...............##...#...##
...###......)...######### .
.###.......{@)# .
..#..........# .
#.#.......)..#
.#####.#.........(#
.................##
.....#.#.#......##
...................
....>.......##...... *
.....##..........##.


There were no monsters in sight!

Vanquished Creatures
  Terence (D:2)
  2 adders
  3 bats
  8 endoplasms
  A giant cockroach (D:2)
  4 goblins
  5 hobgoblins (D:1)
  2 jackals (D:2)
  A ball python (D:1)
  2 kobolds
  7 rats
36 creatures vanquished.

Notes
Turn   | Place    | Note
-------+----------+-------------------------------------------
     0 | D:1      | grandjackal the Djinni Gladiator began the quest for the
                  | Orb.
     0 | D:1      | Reached XP level 1. HP: 18/18 MP: 0/0
    92 | D:1      | Reached XP level 2. HP: 22/23 MP: 0/0
   464 | D:1      | Reached XP level 3. HP: 29/29 MP: 0/0
   464 | D:1      | Learned a level 1 spell: Magic Dart
   691 | D:2      | Reached skill level 1 in Spellcasting
   691 | D:2      | Reached skill level 1 in Conjurations
   691 | D:2      | Reached skill level 1 in Hexes
   691 | D:2      | Reached skill level 1 in Summonings
   691 | D:2      | Reached skill level 1 in Necromancy
   691 | D:2      | Reached skill level 1 in Translocations
   691 | D:2      | Reached skill level 1 in Transmutations
   691 | D:2      | Reached skill level 1 in Fire Magic
   691 | D:2      | Reached skill level 1 in Ice Magic
   691 | D:2      | Reached skill level 1 in Air Magic
   691 | D:2      | Reached skill level 1 in Earth Magic
   691 | D:2      | Reached skill level 1 in Poison Magic
   863 | D:2      | Noticed Terence
   881 | D:2      | Killed Terence
   882 | D:2      | Reached XP level 4. HP: 5/34 MP: 0/0
  1035 | D:2      | Found a faded altar of an unknown god.
  1438 | D:3      | Found a stormy altar of Qazlal.
  1438 | D:3      | Noticed a sky beast
  1439 | D:3      | Identified the +8 falchion "Wesoom" {holy, Int+3 Dex+3}
  1486 | D:3      | Gained mutation: You have a pair of small antennae on your
                  | head. [potion of mutation]
  1486 | D:3      | Gained mutation: You are clumsy. (Dex -2) [potion of
                  | mutation]
  1486 | D:3      | Gained mutation: You passively map a small area around you.
                  | [potion of mutation]
  1501 | D:3      | Slain by a sky beast

Illustrated notes

Levels and vault maps discovered:
D:1:      scummos_arrival_checkerplants, layout_loops_ring,
          chequers_serial_rivers_micro_c, minmay_cut_off
D:2:      layout_rooms, hellmonk_ecumenical_altar_leap_of_faith,
          kennysheep_decorative_pillar, uniq_terence
D:3:      layout_rooms, nicolae_qazlal_beasts_of_the_sky

Skill      XL: |  1  2  3 |
---------------+----------+-----
Staves         | 3 |  3.3
Spellcasting   | 1 |  1.6
Conjurations   | 1 |  1.6
Hexes          | 1 |  1.6
Summonings     | 1 |  1.6
Necromancy     | 1 |  1.6
Translocations | 1 |  1.6
Transmutations | 1 |  1.6
Fire Magic     | 1 |  1.6
Ice Magic      | 1 |  1.6
Air Magic      | 1 |  1.6
Earth Magic    | 1 |  1.6
Poison Magic   | 1 |  1.6
Fighting       | |  2.8
Throwing       | |  1.5
Dodging        | |  3.2

Action                     |  1- 3 |  4- 6 || total
---------------------------+-------+-------++-------
  Melee: Quarterstaff      |    71 |    49 ||   120
  Throw: Throwing net      |     1 |       ||     1
   Cast: Magic Dart        |       |     3 ||     3
    Use: Potion            |       |     4 ||     4
   Stab: Sleeping          |     1 |       ||     1
         Held in net/web   |     1 |       ||     1
         Invisible         |       |     2 ||     2
 Armour: Leather armour    |    37 |    35 ||    72
  Dodge: Dodged            |    40 |    29 ||    69

Table legend: (Time is in decaauts)
 A = Elapsed time spent in this place.
 B = Non-inter-level travel time spent in this place.
 C = Inter-level travel time spent in this place.
 D = Time resting spent in this place.
 E = Time spent auto-exploring this place.
 F = Levels seen in this place.
 G = Mean time per level.
                   A        B        C        D        E       F      G
               +--------+--------+--------+--------+--------+-----+--------+
         Total |   1520 |   1451 |     69 |    215 |    920 |   3 |  506.7 |
       Dungeon |   1520 |   1451 |     69 |    215 |    920 |   3 |  506.7 |
               +--------+--------+--------+--------+--------+-----+--------+

Top non-repeatable levels by time:
     D:1: 677 daAuts
     D:2: 657 daAuts
     D:3: 185 daAuts
